 Dungeon Crawl Stone Soup version 0.17-a0-1368-g6ab37f2 (webtiles) character file.

44 inmateoo the Firebug (level 3, -1/19 HPs)
             Began as a Deep Elf Fire Elementalist on June 12, 2015.
             Slain by Crazy Yiuf
             ... wielding a +3 quarterstaff of chaos
              (5 damage)
             ... on level 2 of the Dungeon.
             The game lasted 00:01:52 (1503 turns).

inmateoo the Firebug (Deep Elf Fire Elementalist)   Turns: 1503, Time: 00:01:52

Health: -1/19      AC:  3    Str:  5    XL:     3   Next: 39%
Magic:  0/10       EV: 13    Int: 20    God:
Gold:   111        SH:  0    Dex: 15    Spells: 3 memorised, 3 levels left

rFire  . . .     SeeInvis .     (no weapon)
rCold  . . .     Clarity  .     a - +0 robe
rNeg   . . .     SustAt   .     (no shield)
rPois  .         Gourm    .     (no helmet)
rElec  .         Spirit   +     (no cloak)
rCorr  .         Warding  .     e - +0 pair of gloves
rMut   .         Stasis   .     (no boots)
MR     .....                    k - amulet of guardian spirit
Stlth  ++........               (no ring)
                                (no ring)

@: not resistant to hostile enchantments, unstealthy
A: no striking features
a: no special abilities


You were on level 2 of the Dungeon.
You were hungry.

You visited 1 branch of the dungeon, and saw 2 of its levels.

You collected 111 gold pieces.

Inventory:

Armour
 a - a +0 robe (worn)
 e - a +0 pair of gloves (worn)
Jewellery
 k - an amulet of guardian spirit (around neck)
Scrolls
 g - 2 scrolls of identify {unknown}
 i - a scroll of fear {unknown}
 j - a scroll of remove curse {unknown}
Potions
 d - 4 potions of brilliance {unknown}
 f - a potion of haste {unknown}
 l - a potion of poison {unknown}
Books
 b - a book of Flames

   Spells                             Type                      Level
   a - Flame Tongue                   Conjuration/Fire             1
   b - Throw Flame                    Conjuration/Fire             2
   c - Conjure Flame                  Conjuration/Fire             3
   d - Inner Flame                    Hexes/Fire                   3
   e - Sticky Flame                   Conjuration/Fire             4
   f - Fireball                       Conjuration/Fire             5
Comestibles
 c - 4 bread rations
 h - a beef jerky


   Skills:
 - Level 2.4 Dodging
 - Level 2.4 Stealth
 + Level 3.9 Spellcasting
 + Level 1.7 Conjurations
 * Level 4.1 Fire Magic


You had 3 spell levels left.
You knew the following spells:

 Your Spells              Type           Power        Failure   Level  Hunger
a - Flame Tongue          Conj/Fire      ###..        4%          1    None
b - Throw Flame           Conj/Fire      ###...       10%         2    ##.....
c - Conjure Flame         Conj/Fire      ###.....     14%         3    ###....


Dungeon Overview and Level Annotations

Branches:
Dungeon (2/15)

Altars:

Annotations:
D:2 Crazy Yiuf


Message History

Crazy Yiuf burns you.
* * * LOW HITPOINT WARNING * * *
Casting: Flame Tongue
Confirm with . or Enter, or press ? or * to list all spells.
Aiming: Flame Tongue
Press: ? - help, Shift-Dir - straight line, f/p - Crazy Yiuf
Aim: Crazy Yiuf, wielding a quarterstaff of chaos and wearing a cloak (lightly wounded)
The flame tongue hits Crazy Yiuf.
Crazy Yiuf appears unharmed.
Crazy Yiuf is lightly wounded.
Crazy Yiuf screams, "Tonal agre illywillydillykilly!"
Crazy Yiuf barely misses you.
Casting: Flame Tongue
Confirm with . or Enter, or press ? or * to list all spells.
Aiming: Flame Tongue
Press: ? - help, Shift-Dir - straight line, f/p - Crazy Yiuf
Aim: Crazy Yiuf, wielding a quarterstaff of chaos and wearing a cloak (lightly wounded)
The flame tongue misses Crazy Yiuf.
Crazy Yiuf laughs, "Cod ladder pontify!"
Crazy Yiuf hits you with a quarterstaff of chaos.
You die...

##### #..)#
###### #...#
#..... ...
##### #.####
#g#
#...###.####
♣♣@♣
#...........
♣.♣♣
#.#.....####
♣♣.♣
#.#.....# #
♣.♣♣
#.#.....# #
♣♣.♣♣
#.#.....# #
♣..)♣♣
#.#.....# #
♣).).♣
#.....### #
#...)#
#.)#### #
#..).#
#..#########


You could see Crazy Yiuf.

Vanquished Creatures
  An adder (D:2)
  A worm (D:2)
  6 goblins
  6 hobgoblins
  3 jackals (D:2)
  4 bats
  3 giant newts (D:1)
  2 kobolds
  8 rats
34 creatures vanquished.

Notes
Turn   | Place    | Note
--------------------------------------------------------------
     0 | D:1      | inmateoo the Deep Elf Fire Elementalist began the quest for the Orb.
     0 | D:1      | Reached XP level 1. HP: 10/10 MP: 6/6
   585 | D:1      | Reached XP level 2. HP: 10/15 MP: 5/8
   591 | D:1      | Learned a level 2 spell: Throw Flame
   994 | D:2      | Reached skill level 4 in Fire Magic
  1005 | D:2      | Reached XP level 3. HP: 12/19 MP: 2/10
  1124 | D:2      | Learned a level 3 spell: Conjure Flame
  1498 | D:2      | Noticed Crazy Yiuf
  1503 | D:2      | Slain by Crazy Yiuf

Vault maps used:
D:1:      evilmike_arrival_home_sweet_home
D:2:      uniq_crazy_yiuf_cottage

Action                   || total
-------------------------++-------
Melee: Unarmed           ||     3
 Cast: Flame Tongue      ||    56
  Eat: Chunk             ||     1
